TOP OF THE 1ST |
Oakland Athletics batting - Pitching for Detroit Tigers : LHP Dave McNally
|
Pitching: LHP Dave McNally
|
|
Batting: RHB Scott Fletcher
|
0-0: Called Strike 0-1: Called Strike 0-2: Ground out 6-3 (Groundball, 6, EV 88.1 MPH)
|
Batting: LHB Ruppert Jones
|
0-0: Foul Ball, location: 2F 0-1: Ball 1-1: Ball 2-1: Ball 3-1: Called Strike 3-2: Foul Ball, location: 2F 3-2: Foul Ball, location: 2F 3-2: DOUBLE (Flyball, 89D, EV 100.6 MPH)
|
Batting: RHB Dave Henderson
|
0-0: Called Strike 0-1: Called Strike 0-2: Foul Ball, location: 2F 0-2: SINGLE (Groundball, P, EV 82.5 MPH) (infield hit) Ruppert Jones to third
|
Batting: LHB Reggie Jackson
|
0-0: Called Strike 0-1: Called Strike 0-2: Fielders Choice at 2nd, 4-6 (Groundball, 4M, EV 99.4 MPH) Ruppert Jones scores
|
Batting: LHB Ben Oglivie
|
0-0: Called Strike Reggie Jackson is caught stealing 2nd base 2-6
|
Top of the 1st over - 1 run, 2 hits, 0 errors, 0 left on base; Oakland 1 - Detroit 0 |
BOTTOM OF THE 1ST |
Detroit Tigers batting - Pitching for Oakland Athletics : LHP Gerald Tyler
|
Pitching: LHP Gerald Tyler
|
|
Batting: SHB Lee Mazzilli
|
0-0: Foul Ball, location: 2F 0-1: Foul Ball, location: 2F 0-2: Foul Ball, location: 2F 0-2: Ground out 6-3 (Groundball, 6S, EV 90.0 MPH)
|
Batting: RHB Tack Wilson
|
0-0: Ball 1-0: Called Strike 1-1: Foul Ball, location: 2F 1-2: Strikes out swinging
|
Batting: SHB Tony Phillips
|
0-0: Ball 1-0: Swinging Strike 1-1: Foul Ball, location: 2F 1-2: Ball 2-2: Ball 3-2: Base on Balls
|
Batting: RHB Keith Moreland
|
0-0: Ball 1-0: Called Strike 1-1: Ball 2-1: Ball 3-1: SINGLE (Line Drive, 4MD, EV 101.9 MPH) Tony Phillips to second Runner from 2nd tries for 3rd, SAFE, no throw by CF
|
Batting: RHB Andre Thornton
|
0-0: Ball 1-0: Called Strike 1-1: Foul Ball, location: 2F 1-2: Strikes out swinging
|
Bottom of the 1st over - 0 runs, 1 hit, 0 errors, 2 left on base; Oakland 1 - Detroit 0 |
TOP OF THE 2ND |
Oakland Athletics batting - Pitching for Detroit Tigers : LHP Dave McNally
|
Batting: LHB Ben Oglivie
|
0-0: Called Strike 0-1: Ball 1-1: Fly out, F9 (Flyball, 9D, EV 85.6 MPH)
|
Batting: RHB Barry Evans
|
0-0: Called Strike 0-1: Ball 1-1: SINGLE (Groundball, 6D, EV 96.9 MPH)
|
Batting: RHB Willie Darkis
|
0-0: Called Strike Barry Evans steals 2nd base 0-1: Foul Ball, location: 2F 0-2: Ground out 5-3 (Groundball, 56, EV 100.0 MPH)
|
Batting: RHB Earl C Williams
|
0-0: Ball Passed Ball! Barry Evans to third 1-0: Called Strike 1-1: Ball 2-1: Ground out 5-3 (Groundball, 5D, EV 106.3 MPH)
|
Top of the 2nd over - 0 runs, 1 hit, 0 errors, 1 left on base; Oakland 1 - Detroit 0 |
BOTTOM OF THE 2ND |
Detroit Tigers batting - Pitching for Oakland Athletics : LHP Gerald Tyler
|
Batting: RHB Rusty Kuntz
|
0-0: Ball 1-0: Ball 2-0: Ball 3-0: Called Strike 3-1: Base on Balls
|
Batting: RHB Larry Parrish
|
0-0: Ball 1-0: Ball Rusty Kuntz steals 2nd base 2-0: Called Strike 2-1: Foul Ball, location: 2F 2-2: Fly out, F7 (Flyball, 78D, EV 90.0 MPH)
|
Batting: RHB Mike Sproles
|
0-0: Fly out, F7 (Flyball, 78D, EV 84.4 MPH) Runner from 2nd tags up, SAFE at 3rd with throw by LF
|
Batting: LHB Larry Harlow
|
0-0: Ball 1-0: Called Strike 1-1: Ball 2-1: Fly out, F4 (Popup, 4MD, EV 50.6 MPH)
|
Bottom of the 2nd over - 0 runs, 0 hits, 0 errors, 1 left on base; Oakland 1 - Detroit 0 |
TOP OF THE 3RD |
Oakland Athletics batting - Pitching for Detroit Tigers : LHP Dave McNally
|
Batting: RHB Fred Andrews
|
0-0: Ball 1-0: Reached on error, E2 (Groundball, 13S, EV 60.6 MPH)
|
Batting: RHB Scott Fletcher
|
0-0: Foul Ball, location: 2F 0-1: Called Strike 0-2: SINGLE (Groundball, 34D, EV 105.6 MPH) Fred Andrews to second Runner from 2nd tries for 3rd, SAFE, throw by RF made to third
|
Batting: LHB Ruppert Jones
|
0-0: Called Strike Pickoff Throw by Catcher to First - Error! E2 Fred Andrews scores Scott Fletcher to second 0-1: Ball 1-1: Bunted foul 1-2: TRIPLE (Flyball, 78XD, EV 102.5 MPH) Scott Fletcher scores
|
Batting: RHB Dave Henderson
|
0-0: Ball 1-0: Called Strike 1-1: Ball 2-1: Fly out, F8 (Flyball, 89D, EV 100.6 MPH) Runner from 3rd tags up, SCORES, throw by CF
|
Batting: LHB Reggie Jackson
|
0-0: Foul Ball, location: 2F 0-1: Foul Ball, location: 2F 0-2: Foul Ball, location: 2F 0-2: Ground out U3 (Groundball, 3, EV 85.0 MPH)
|
Batting: LHB Ben Oglivie
|
0-0: Ball 1-0: Called Strike 1-1: Swinging Strike 1-2: Ball 2-2: Ball 3-2: Foul Ball, location: 2F 3-2: Ground out 4-3 (Groundball, 4S, EV 90.6 MPH)
|
Top of the 3rd over - 3 runs, 2 hits, 2 errors, 0 left on base; Oakland 4 - Detroit 0 |
BOTTOM OF THE 3RD |
Detroit Tigers batting - Pitching for Oakland Athletics : LHP Gerald Tyler
|
Batting: SHB Lee Mazzilli
|
0-0: Called Strike 0-1: Ball 1-1: Called Strike 1-2: Ball 2-2: Foul Ball, location: 2F 2-2: Ball 3-2: Foul Ball, location: 2F 3-2: Base on Balls
|
Batting: RHB Tack Wilson
|
0-0: Grounds into double play, 5-4-3 (Groundball, 5L, EV 88.1 MPH)
|
Batting: SHB Tony Phillips
|
0-0: Foul Ball, location: 2F 0-1: Fly out, F8 (Flyball, 89XD, EV 85.0 MPH)
|
Bottom of the 3rd over - 0 runs, 0 hits, 0 errors, 0 left on base; Oakland 4 - Detroit 0 |
TOP OF THE 4TH |
Oakland Athletics batting - Pitching for Detroit Tigers : LHP Dave McNally
|
Batting: RHB Barry Evans
|
0-0: Called Strike 0-1: Ball 1-1: Ball 2-1: Foul Ball, location: 2F 2-2: Foul Ball, location: 2F 2-2: Fly out, F9 (Flyball, 9S, EV 88.1 MPH)
|
Batting: RHB Willie Darkis
|
0-0: Ground out 5-3 (Groundball, 5, EV 82.5 MPH)
|
Batting: RHB Earl C Williams
|
0-0: Called Strike 0-1: Ground out 3-1 (Groundball, 13, EV 87.5 MPH)
|
Top of the 4th over - 0 runs, 0 hits, 0 errors, 0 left on base; Oakland 4 - Detroit 0 |
BOTTOM OF THE 4TH |
Detroit Tigers batting - Pitching for Oakland Athletics : LHP Gerald Tyler
|
Batting: RHB Keith Moreland
|
0-0: Called Strike 0-1: Foul Ball, location: 2F 0-2: Ball 1-2: Ground out 4-3 (Groundball, 4, EV 87.5 MPH)
|
Batting: RHB Andre Thornton
|
0-0: Ball 1-0: Called Strike 1-1: Ground out 4-3 (Groundball, 4, EV 102.5 MPH)
|
Batting: RHB Rusty Kuntz
|
0-0: Called Strike 0-1: Ball 1-1: Foul Ball, location: 2F 1-2: Strikes out swinging
|
Bottom of the 4th over - 0 runs, 0 hits, 0 errors, 0 left on base; Oakland 4 - Detroit 0 |
TOP OF THE 5TH |
Oakland Athletics batting - Pitching for Detroit Tigers : LHP Dave McNally
|
Batting: RHB Fred Andrews
|
0-0: Ball 1-0: Ground out 6-3 (Groundball, 6, EV 81.3 MPH)
|
Batting: RHB Scott Fletcher
|
0-0: Foul Ball, location: 2F 0-1: Ball 1-1: Called Strike 1-2: Ground out 4-3 (Groundball, 4MD, EV 94.4 MPH)
|
Batting: LHB Ruppert Jones
|
0-0: Ball 1-0: Ball 2-0: Foul Ball, location: 2F 2-1: Ball 3-1: Ground out 5-3 (Groundball, 56, EV 85.0 MPH)
|
Top of the 5th over - 0 runs, 0 hits, 0 errors, 0 left on base; Oakland 4 - Detroit 0 |
BOTTOM OF THE 5TH |
Detroit Tigers batting - Pitching for Oakland Athletics : LHP Gerald Tyler
|
Batting: RHB Larry Parrish
|
0-0: Foul Ball, location: 2F 0-1: Ball 1-1: Foul Ball, location: 2F 1-2: Strikes out swinging
|
Batting: RHB Mike Sproles
|
0-0: Called Strike 0-1: Fly out, F8 (Flyball, 8LM, EV 88.1 MPH)
|
Batting: LHB Larry Harlow
|
0-0: Ball 1-0: Foul Ball, location: 2F 1-1: Ball 2-1: Ball 3-1: Base on Balls
|
Batting: SHB Lee Mazzilli
|
0-0: Called Strike 0-1: Swinging Strike 0-2: Ball Larry Harlow steals 2nd base (no throw) 1-2: Ball 2-2: Ball Wild Pitch! Larry Harlow to third 3-2: Fly out, F7 (Flyball, 7LM, EV 109.4 MPH)
|
Bottom of the 5th over - 0 runs, 0 hits, 0 errors, 1 left on base; Oakland 4 - Detroit 0 |
TOP OF THE 6TH |
Oakland Athletics batting - Pitching for Detroit Tigers : LHP Dave McNally
|
Batting: RHB Dave Henderson
|
0-0: Ball 1-0: Ball 2-0: Ball 3-0: Called Strike 3-1: Base on Balls
|
Batting: LHB Reggie Jackson
|
0-0: Called Strike 0-1: Hit by Pitch Dave Henderson to second
|
Batting: LHB Ben Oglivie
|
0-0: Ball 1-0: Called Strike 1-1: Called Strike 1-2: Grounds into double play, 4-6-3 (Groundball, 4, EV 98.1 MPH) Dave Henderson to third
|
Batting: RHB Barry Evans
|
0-0: Intentional Walk
|
Batting: RHB Willie Darkis
|
0-0: Ball 1-0: Swinging Strike 1-1: Foul Ball, location: 2F 1-2: Fly out, F8 (Line Drive, 8LD, EV 103.1 MPH)
|
Top of the 6th over - 0 runs, 0 hits, 0 errors, 2 left on base; Oakland 4 - Detroit 0 |
BOTTOM OF THE 6TH |
Detroit Tigers batting - Pitching for Oakland Athletics : LHP Gerald Tyler
|
Batting: RHB Tack Wilson
|
0-0: Called Strike 0-1: Fly out, F7 (Line Drive, 7, EV 89.4 MPH)
|
Batting: SHB Tony Phillips
|
0-0: Ball 1-0: Called Strike 1-1: Ground out 4-3 (Groundball, 4, EV 81.3 MPH)
|
Batting: RHB Keith Moreland
|
0-0: Ball 1-0: Ball 2-0: Ground out 6-3 (Groundball, 6M, EV 108.8 MPH)
|
Bottom of the 6th over - 0 runs, 0 hits, 0 errors, 0 left on base; Oakland 4 - Detroit 0 |
TOP OF THE 7TH |
Oakland Athletics batting - Pitching for Detroit Tigers : LHP Dave McNally
|
Batting: RHB Earl C Williams
|
0-0: Ball 1-0: Fly out, F4 (Flyball, 4MD, EV 91.3 MPH)
|
Batting: RHB Fred Andrews
|
0-0: Called Strike 0-1: Foul Ball, location: 2F 0-2: SINGLE (Line Drive, 89S, EV 107.5 MPH)
|
Batting: RHB Scott Fletcher
|
0-0: Ground out 4-3 (Groundball, 34, EV 105.0 MPH) Fred Andrews to second
|
Batting: LHB Ruppert Jones
|
0-0: Called Strike 0-1: Called Strike 0-2: SINGLE (Flyball, 5D, EV 86.3 MPH) Fred Andrews to third Runner from 3rd tries for Home, SAFE, throw by LF to home
|
Batting: RHB Dave Henderson
|
0-0: Called Strike Ruppert Jones steals 2nd base 0-1: Foul Ball, location: 2F 0-2: Foul Ball, location: 2F 0-2: Strikes out looking
|
Top of the 7th over - 1 run, 2 hits, 0 errors, 1 left on base; Oakland 5 - Detroit 0 |
BOTTOM OF THE 7TH |
Detroit Tigers batting - Pitching for Oakland Athletics : LHP Gerald Tyler
|
Batting: RHB Andre Thornton
|
0-0: Ball 1-0: Ball 2-0: Called Strike 2-1: Foul Ball, location: 2F 2-2: Ball 3-2: Fly out, F7 (Flyball, 7LS, EV 77.5 MPH)
|
Batting: RHB Rusty Kuntz
|
0-0: Ball 1-0: Called Strike 1-1: Foul Ball, location: 2F 1-2: Ball 2-2: SINGLE (Groundball, 56D, EV 98.8 MPH)
|
Batting: RHB Larry Parrish
|
0-0: Ball 1-0: Called Strike 1-1: SINGLE (Groundball, 4MD, EV 95.0 MPH) Rusty Kuntz to second Runner from 2nd tries for 3rd, SAFE, no throw by CF
|
Batting: RHB Mike Sproles
|
0-0: Called Strike 0-1: Swinging Strike 0-2: Ball 1-2: Ball 2-2: Foul Ball, location: 2F 2-2: Strikes out swinging
|
Batting: LHB Larry Harlow
|
0-0: Swinging Strike 0-1: Foul Ball, location: 2F 0-2: Ball 1-2: Foul Ball, location: 2F 1-2: Foul Ball, location: 2F 1-2: Foul Ball, location: 2F 1-2: Strikes out swinging
|
Bottom of the 7th over - 0 runs, 2 hits, 0 errors, 2 left on base; Oakland 5 - Detroit 0 |
TOP OF THE 8TH |
Oakland Athletics batting - Pitching for Detroit Tigers : LHP Dave McNally
|
Batting: LHB Reggie Jackson
|
0-0: Fly out, F4 (Flyball, 34D, EV 90.0 MPH)
|
Batting: LHB Ben Oglivie
|
0-0: Called Strike 0-1: Foul Ball, location: 2F 0-2: Fly out, F7 (Flyball, 78S, EV 95.6 MPH)
|
Batting: RHB Barry Evans
|
0-0: Ball 1-0: Foul Ball, location: 2F 1-1: Ball 2-1: Called Strike 2-2: Reached on error, E6 (Groundball, 6, EV 102.5 MPH)
|
Batting: RHB Willie Darkis
|
0-0: Called Strike 0-1: Foul Ball, location: 2F 0-2: Fly out, F3 (Popup, 3L, EV 64.4 MPH)
|
Top of the 8th over - 0 runs, 0 hits, 1 error, 1 left on base; Oakland 5 - Detroit 0 |
BOTTOM OF THE 8TH |
Detroit Tigers batting - Pitching for Oakland Athletics : LHP Gerald Tyler
|
Batting: SHB Lee Mazzilli
|
0-0: Called Strike 0-1: Foul Ball, location: 2F 0-2: Ground out 4-3 (Groundball, 4, EV 87.5 MPH)
|
Batting: RHB Tack Wilson
|
0-0: Swinging Strike 0-1: Foul Ball, location: 2F 0-2: Ball 1-2: Ball 2-2: Ground out 5-3 (Groundball, 5S, EV 84.4 MPH)
|
Batting: SHB Tony Phillips
|
0-0: Called Strike 0-1: Foul Ball, location: 2F 0-2: Ball 1-2: Fly out, F7 (Flyball, 7LS, EV 87.5 MPH)
|
Bottom of the 8th over - 0 runs, 0 hits, 0 errors, 0 left on base; Oakland 5 - Detroit 0 |
TOP OF THE 9TH |
Oakland Athletics batting - Pitching for Detroit Tigers : LHP Dave McNally
|
Batting: RHB Earl C Williams
|
0-0: Hit by Pitch
|
Batting: RHB Fred Andrews
|
0-0: Called Strike 0-1: DOUBLE (Line Drive, 8RXD, EV 113.1 MPH) Earl C Williams to third Runner from 3rd tries for Home, SAFE, throw by CF to home
|
Pitching: LHP Mike Maitland
|
|
Batting: RHB Scott Fletcher
|
0-0: Swinging Strike 0-1: Fly out, F6 (Line Drive, 6, EV 74.4 MPH)
|
Batting: LHB Ruppert Jones
|
0-0: Foul Ball, location: 2F 0-1: Ball 1-1: Foul Ball, location: 2F 1-2: Ball 2-2: Ball 3-2: Foul Ball, location: 2F 3-2: 2-RUN HOME RUN (Flyball, 7D, EV 104.4 MPH), Distance : 381 ft
|
Pinch Hitting: RHB John Scott
|
0-0: Ball 1-0: Called Strike 1-1: Called Strike 1-2: Strikes out looking
|
Batting: LHB Reggie Jackson
|
0-0: Called Strike 0-1: Foul Ball, location: 2F 0-2: Foul Ball, location: 2F 0-2: Ball 1-2: Foul Ball, location: 2F 1-2: Strikes out swinging
|
Top of the 9th over - 3 runs, 2 hits, 0 errors, 0 left on base; Oakland 8 - Detroit 0 |
BOTTOM OF THE 9TH |
Detroit Tigers batting - Pitching for Oakland Athletics : LHP Gerald Tyler
|
Now in RF: John Scott
|
|
Batting: RHB Keith Moreland
|
0-0: Ball 1-0: Called Strike 1-1: Ball 2-1: Fly out, F7 (Line Drive, 7, EV 111.3 MPH)
|
Batting: RHB Andre Thornton
|
0-0: Ground out 1-3 (Groundball, P, EV 66.9 MPH)
|
Batting: RHB Rusty Kuntz
|
0-0: Foul Ball, location: 2F 0-1: Foul Ball, location: 2F 0-2: Ball 1-2: Ball 2-2: Foul Ball, location: 2F 2-2: Ball 3-2: Strikes out swinging
|
Bottom of the 9th over - 0 runs, 0 hits, 0 errors, 0 left on base; Oakland 8 - Detroit 0 |
|